 Seeded DCSS version 0.28.0-53-g5a82cb258f (webtiles) character file.

Game seed: 9128374 (custom seed)

35 xaos the Stinger (level 3, 0/21 HPs)
             Began as an Octopode Venom Mage on July 12, 2022.
             Was an Initiate of Yredelemnul.
             Succumbed to an adder's poison
             ... on level 2 of the Dungeon on Aug 30, 2022.
             The game lasted 00:07:26 (3177 turns).

xaos the Stinger (Octopode Venom Mage)              Turns: 3177, Time: 00:07:26

Health: 0/21       AC:  1    Str: 13    XL:     3   Next: 35%
Magic:  6/6        EV: 13    Int: 17    God:    Yredelemnul [......]
Gold:   12         SH:  0    Dex: 14    Spells: 6/7 levels left

rFire   . . .      SeeInvis .   m - +0 short sword
rCold   . . .      Faith    .   (no shield)
rNeg    . . .      Spirit   .   (helmet restricted)
rPois   .          Reflect  .   (no amulet)
rElec   .          Harm     .   c - +6 ring of strength
rCorr   .          Rampage  .   (no ring)
Will    .....                   (no ring)
Stlth   +++.......              (no ring)
HPRegen 0.07/turn               (no ring)
MPRegen 0.10/turn               (no ring)
                                (no ring)
                                (no ring)

@: lethally poisoned (0 -> -1)
A: almost no armour, amphibious, 8 rings, camouflage 1, gelatinous body 1,
(nimble swimmer 1), tentacles
a: Renounce Religion, Recall Undead Harvest


You were on level 2 of the Dungeon.
You worshipped Yredelemnul.
Yredelemnul was noncommittal.
You visited 1 branch of the dungeon, and saw 2 of its levels.

You collected 12 gold pieces.

Inventory:

Hand Weapons
 g - a +0 hunting sling
 m - a +0 short sword (weapon)
Missiles
 f - 19 sling bullets
 l - 16 bolts
Jewellery
 c - a +6 ring of strength (left tentacle)
 h - an amulet of guardian spirit
Scrolls
 a - a scroll of immolation {unknown}
 b - a scroll of amnesia {unknown}
 d - a scroll of summoning {unknown}
 k - a scroll of torment {unknown}
 n - a scroll of silence {unknown}
Potions
 e - 2 potions of degeneration {unknown}
 i - a potion of magic {unknown}
 j - a potion of resistance {unknown}


   Skills:
 + Level 2.1 Dodging
 + Level 3.1 Stealth
 + Level 2.5 Spellcasting
 + Level 1.8 Transmutations
 + Level 4.0 Poison Magic


You had 6 spell levels left.
You knew the following spells:

 Your Spells              Type           Power      Damage    Failure   Level
a - Sting                 Tmut/Pois      48%        1d5       5%          1

Your spell library contained the following spells:

 Spells                   Type           Power      Damage    Failure   Level
 Poisonous Vapours        Pois/Air       18%        N/A       12%         2
 Apportation              Tloc           4%         N/A       19%         1
 Mephitic Cloud           Conj/Pois/Air  6%         N/A       32%         3
 Olgreb's Toxic Radiance  Pois           16%        N/A       34%         4
 Alistair's Intoxication  Tmut/Pois      8%         N/A       83%         5


Dungeon Overview and Level Annotations

Branches:
Dungeon (2/15)

Altars:
Yredelemnul


Innate Abilities, Weirdness & Mutations

You cannot wear most types of armour.
You are amphibious.
You can wear up to eight rings at the same time.
Your skin changes colour to match your surroundings (Stealth+).
Your rubbery body absorbs attacks. (AC +1, EV +1)
((You are camouflaged when in or above water. (Stealth+)))
You have tentacles for arms and can constrict up to eight enemies at once.


Message History

You constrict the adder. The adder closely misses you.
Your goblin zombie hits the adder but does no damage.
The adder bites you.
You release your grip on the adder.
Your kobold zombie barely misses the adder.
The adder bites you.
Your goblin zombie misses the adder.
The adder bites your goblin zombie.
Your kobold zombie misses the adder.
Your goblin zombie closely misses the adder.
You swap places.
The adder completely misses you.
Your goblin zombie barely misses the adder.
The adder misses you.
You see here 10 gold pieces.
The adder bites you but does no damage.
Your goblin zombie hits the adder.
Your kobold zombie closely misses the adder.
Your goblin zombie closely misses the adder.
The adder bites you.
Your kobold zombie closely misses the adder.
The adder bites you.
* * * LOW HITPOINT WARNING * * *
You are lethally poisoned!
The adder poisons you!
Your goblin zombie hits the adder.
* * * LOW HITPOINT WARNING * * *
You feel sick.
The adder closely misses your goblin zombie.
Your kobold zombie misses the adder.
* * * LOW HITPOINT WARNING * * *
You feel sick. The adder bites your goblin zombie.
Your goblin zombie closely misses the adder.
Your kobold zombie hits the adder.
The adder dies!
There is a lethal amount of poison in your body!
There is a lethal amount of poison in your body!
* * * LOW HITPOINT WARNING * * *
You feel sick.
* * * LOW HITPOINT WARNING * * *
You feel sick.
* * * LOW HITPOINT WARNING * * *
You feel sick.
You die...
Your body rises from the dead as a mindless zombie.

#........##
#........?#
#.........#
#.........##
##..........#
#.........#.####
##<........#.....
.......$.........
....##...@.##...
# #..Z..# #..Z..#
##.....# #......#
## #......# #..##
#......##....#
#......##....#
#.#[.....##....#


You could see a friendly goblin zombie and a friendly kobold zombie.

Vanquished Creatures
  2 worms (D:2)
  2 endoplasms
  A goblin (D:2)
  5 hobgoblins (D:1)
  A quokka (D:1)
  4 ball pythons
  A bat (D:1)
  A frilled lizard (D:1)
  2 kobolds
  A rat (D:1)
20 creatures vanquished.

Vanquished Creatures (collateral kills)
  An adder (D:2)
1 creature vanquished.

Vanquished Creatures (others)
  A ball python zombie (D:2)
  A spectral endoplasm (D:2)
2 creatures vanquished.

Grand Total: 23 creatures vanquished

Notes
Turn   | Place    | Note
-------+----------+-------------------------------------------
     0 | D:1      | xaos the Octopode Venom Mage began the quest for the Orb.
     0 | D:1      | Reached XP level 1. HP: 11/11 MP: 3/3
   986 | D:1      | Reached XP level 2. HP: 17/17 MP: 3/5
  1576 | D:1      | Reached skill level 4 in Poison Magic
  1755 | D:1      | Found a faded altar of an unknown god.
  1983 | D:1      | Prayed at the altar of an unknown god.
  1983 | D:1      | Became a worshipper of Yredelemnul the Dark
  1983 | D:1      | Reached * piety under Yredelemnul
  2613 | D:2      | Reached XP level 3. HP: 1/21 MP: 3/6
  3175 | D:2      | HP: 1/21 [poisoned by an adder]
  3177 | D:2      | Succumbed to an adder's poison

Illustrated notes

Levels and vault maps discovered:
D:1:      lemuel_arrival_rhombus, layout_basic, basic_ecumenical_altar
D:2:      layout_basic, amcnicky_mini_rare_corridor_liquid, nicolae_wormholes

Skill      XL: |  1  2 |
---------------+-------+-----
Poison Magic   | 4 |  4.0
Stealth        | 3 |  3.1
Dodging        | |  2.1
Spellcasting   | |  2.5
Transmutations | |  1.8

Action                   || total
-------------------------++-------
Melee: Unarmed           ||     2
       Constrict         ||     6
       Short sword       ||    13
       Tentacles         ||     3
 Fire: Hunting sling     ||     3
 Cast: Sting             ||    23
 Stab: Sleeping          ||     1
Armor: Skin              ||     4
Dodge: Dodged            ||    14
